 Dungeon Crawl Stone Soup version 0.25-a0-786-g5b70d41e48 (webtiles) character file.

Game seed: 17204981286683351113, levelgen mode: deterministic

330345 Napalmbreeze the Slayer (level 20, -21/203 HPs)
             Began as a Minotaur Fighter on Apr 18, 2020.
             Was the Champion of Okawaru.
             Killed from afar by a lich (34 damage)
             ... with a bolt of acid
             ... on level 4 of the Vaults.
             The game lasted 01:56:19 (41117 turns).

Napalmbreeze the Slayer (Minotaur Fighter)         Turns: 41117, Time: 01:56:19

Health: -21/203    AC: 25    Str: 46    XL:     20   Next: 85%
Magic:  30/30      EV:  8    Int:  8    God:    Okawaru [******]
Gold:   3840       SH: 29    Dex: 12    Spells: 19/19 levels left

rFire    + + +     SeeInvis .   v - +5 broad axe (vamp)
rCold    + + .     Gourm    .   Q - +1 tower shield {rF+}
rNeg     . . .     Faith    .   x - +2 plate armour {rC+}
rPois    .         Spirit   .   j - +0 hat of the Peasants {-Cast MR+ Str+8}
rElec    .         Reflect  +   O - scarf {rC+ rF+}
rCorr    .         Harm     .   P - +0 pair of gloves {Str+3}
MR       ++++.     NoCast   +   w - +0 pair of boots
Stlth    ..........             G - +2 amulet of reflection
HPRegen  0.43/turn              J - ring "Xenutye" {*Drain rF+ MR+ Str+5 Int+3}
MPRegen  0.22/turn              K - ring of protection from magic

@: lethally poisoned (-21 -> -21), very slightly contaminated, slowed, lightly
drained, very slow
A: retaliatory headbutt, horns 2, thin metallic scales 1, strong 1
}: 2/15 runes: decaying, serpentine
a: Heroism, Finesse, Renounce Religion


You were on level 4 of the Vaults.
You worshipped Okawaru.
Okawaru was exalted by your worship.
You were very hungry.

You visited 6 branches of the dungeon, and saw 35 of its levels.
You also visited: Volcano.

You collected 4442 gold pieces.
You spent 602 gold pieces at shops.

Inventory:

Hand Weapons
 a - a +0 war axe of flaming
 r - a +1 broad axe of freezing
 v - a +5 vampiric broad axe (weapon)
 W - the +11 broad axe "Gotsedd" {vorpal, MR+ Str+4}
   (Okawaru gifted it to you on level 2 of the Vaults)

   It inflicts extra damage upon your enemies.
   It affects your strength (+4).
   It affects your resistance to hostile enchantments.
Missiles
 g - 14 silver boomerangs (quivered)
Armour
 j - the +0 hat of the Peasants (worn) {-Cast MR+ Str+8}
   (You acquired it on level 1 of the Lair of Beasts)

   It affects your strength (+8).
   It affects your resistance to hostile enchantments.
   It prevents spellcasting.
 w - a +0 pair of boots (worn)
 x - a +2 plate armour of cold resistance (worn)
 N - the +0 hat of Hedging {-Cast rN+ MR+}
   (Okawaru gifted it to you on level 14 of the Dungeon)

   It protects you from negative energy.
   It affects your resistance to hostile enchantments.
   It prevents spellcasting.
 O - a scarf of resistance (worn)
 P - a +0 pair of gloves of strength (worn)
 Q - a +1 tower shield of fire resistance (worn)
Jewellery
 t - an uncursed ring of flight
 B - an uncursed ring of protection from fire
 C - an uncursed ring of poison resistance
 F - an uncursed ring of positive energy
 G - a +2 amulet of reflection (around neck)
 J - the ring "Xenutye" (left hand) {*Drain rF+ MR+ Str+5 Int+3}
   (You took it off a naga ritualist on level 3 of the Snake Pit)

   [ring of protection from magic]

   It affects your strength (+5).
   It affects your intelligence (+3).
   It protects you from fire.
   It affects your resistance to hostile enchantments.
   It causes draining when unequipped.
 K - a ring of protection from magic (right hand)
 S - an uncursed ring of protection from cold
 U - an uncursed ring of see invisible
Wands
 b - a wand of iceblast (17)
 c - a wand of paralysis (6)
 p - a wand of scattershot (6)
 y - a wand of clouds (4)
 H - a wand of digging (7)
 I - a wand of acid (21)
Scrolls
 i - 13 scrolls of remove curse
 k - 21 scrolls of teleportation
 l - 9 scrolls of fog
 o - 3 scrolls of identify
 s - 3 scrolls of fear
 E - 3 scrolls of blinking
 L - 2 scrolls of enchant weapon
 T - 2 scrolls of magic mapping
Potions
 d - 2 potions of might
 e - 2 potions of ambrosia
 h - 8 potions of lignification
 m - 7 potions of haste
 n - 4 potions of heal wounds
 q - a potion of magic
 z - 11 potions of curing
 A - 4 potions of stabbing
 D - a potion of brilliance
 M - 4 potions of flight
 R - 3 potions of resistance
 Y - a potion of invisibility
Miscellaneous
 u - 4 phantom mirrors
Comestibles
 f - 36 rations


   Skills:
 - Level 23.0(22.4) Fighting
 + Level 19.4(18.9) Axes
 - Level 18.0(17.5) Armour
 + Level 17.8(17.3) Shields
 - Level 10.0(9.6) Invocations
 - Level 15.0(14.5) Evocations


You had 19 spell levels left.
You didn't know any spells.
Your spell library contained the following spells:

 Spells                   Type           Power        Failure   Level  Hunger
 Animate Skeleton         Necr           N/A          97%         1    ##.....
 Apportation              Tloc           #.....       97%         1    ##.....
 Corona                   Hex            #......      97%         1    ##.....
 Foxfire                  Conj/Fire      #...         97%         1    ##.....
 Magic Dart               Conj           #...         97%         1    ##.....
 Summon Small Mammal      Summ           #...         97%         1    ##.....
 Blink                    Tloc           N/A          99%         2    ###....
 Call Imp                 Summ           #.......     99%         2    ###....
 Ensorcelled Hibernation  Hex/Ice        #.....       99%         2    ###....
 Slow                     Hex            #.......     99%         2    ###....
 Call Canine Familiar     Summ           #.......     100%        3    ####...
 Confusing Touch          Hex            #.......     100%        3    ####...
 Conjure Flame            Conj/Fire      #.......     100%        3    ####...
 Dazzling Flash           Conj/Hex       #.....       100%        3    ####...
 Inner Flame              Hex/Fire       #.......     100%        3    ####...
 Mephitic Cloud           Conj/Pois/Air  #.......     100%        3    ####...
 Portal Projectile        Hex/Tloc       #.....       100%        3    ####...
 Summon Guardian Golem    Hex/Summ       #.......     100%        3    ####...
 Tukima's Dance           Hex            #.......     100%        3    ####...
 Cause Fear               Hex            #.........   100%        4    #####..
 Leda's Liquefaction      Hex/Erth       #.........   100%        4    #####..
 Sticky Flame             Conj/Fire      #.......     100%        4    #####..
 Summon Ice Beast         Ice/Summ       #.......     100%        4    #####..
 Summon Lightning Spire   Summ/Air       #.......     100%        4    #####..
 Bolt of Magma            Conj/Fire/Erth #.........   100%        5    ######.
 Fireball                 Conj/Fire      #.........   100%        5    ######.
 Irradiate                Conj/Tmut      #.........   100%        5    ######.
 Iskenderun's Battlesphe  Conj/Chrm      #.......     100%        5    ######.
 Silence                  Hex/Air        #.........   100%        5    ######.
 Yara's Violent Unravell  Hex/Tmut       #.........   100%        5    ######.
 Deflect Missiles         Chrm/Air       #.........   100%        6    #######
 Hydra Form               Tmut           #.........   100%        6    #######
 Iron Shot                Conj/Erth      #.........   100%        6    #######
 Statue Form              Tmut/Erth      #........    100%        6    #######
 Dragon Form              Tmut           #.........   100%        7    #######
 Orb of Destruction       Conj           #.........   100%        7    #######
 Spellforged Servitor     Conj/Summ      #.........   100%        7    #######
 Discord                  Hex            #.........   100%        8    #######


Dungeon Overview and Level Annotations

Branches:
Dungeon (15/15)            Temple (0/1) D:7            Lair (6/6) D:11
  Swamp (4/4) Lair:2        Snake (4/4) Lair:4        Slime (0/5) Lair:5
    Orc (2/2) D:11            Elf (0/3) Orc:2        Vaults (4/5) D:13
  Crypt (0/3) Vaults:3     Depths (0/5) D:15        Volcano (visited)

Altars:
Dithmenos
Gozag
Hepliaklqana
Kikubaaqudgha
Makhleb
Nemelex Xobeh
Okawaru
Qazlal
Ru
Sif Muna
Trog
Uskayaw
Zin
Beogh
Jiyva

Shops:
Orc:2 *[(=   Snake:3 }   Vaults:3 =   Vaults:4 *((

Portals:
Abyss: D:11
Trove: D:11 (show slimy rune of Zot)

Annotations:
D:14 exclusion: 3 doors
Lair:2 exclusion: 2 oklob plants


Innate Abilities, Weirdness & Mutations

You reflexively headbutt those who attack you in melee.
You have a pair of horns on your head.
You are partially covered in thin metallic scales. (AC +2)
Your muscles are strong. (Str +2)


Message History

The stone giant hits you.
* * * LOW HITPOINT WARNING * * *
Unknown command.
You slice the lich!! Your headbutt misses the lich.
The lich is severely damaged.
You hit something.
You hit the stone giant but do no damage.
You feel sick. You block the lich's attack. Something hits you.
* * * LOW HITPOINT WARNING * * *
You block the stone giant's attack. The lich touches you!
* * * LOW HITPOINT WARNING * * *
You feel drained.
Blink to where?
Press: ? - help, Dir - move target cursor You are very lightly contaminated with residual magic.
As you read the scroll of blinking, it crumbles to dust.
You feel sick.
The lich points at you and mumbles some strange words.
The bolt of acid hits you!!
You die...

..##..........# *,,,,,,,,,,
####....).....########*,,,,,,,,,,
#....))....#......#*,*,*,*,,*,
#.....)..∩.#{.....#*,*,*,*,,*,
#........†(§C.....#***********
#..........#Lc....#,,,,,,,,,,,
#.∩......^.#......#,,,,,,,,,,,
#..........#......#,,,,,,,,,,,
#..........#[@....#.,,*****,,,
############......'..,,,,,*,,,
#......#..,***,*,,,
######'######,,,,,*,*,,,
#.>.....# *,,,******** #.......#
*,,,,,,,*,*, #.......#
*,,,,,,,*,*, ##########.)))...#
*,,,,,,,,,*, .........'.).)...#
*,,,***,***,


You could see a stone giant, a lich and a yaktaur captain.

Vanquished Creatures
  2 tentacled monstrosities
  Jorgrun (Swamp:3)
  Asterion (Vaults:2)
  A sphinx (Vaults:4)
  2 thorn hunters (Swamp:4)
  Kirke (D:15)
  Agnes (D:15)
  Donald (Swamp:3)
  A tengu reaver (Vaults:4)
  17 nagarajas
  11 vault wardens
  An orc warlord (Orc:2)
  Aizul (Snake:2)
  A frost giant (Vaults:4)
  The ghost of Lowtech the Markscentaur, a journeyman CeCK of Xom (Swamp:1)
  3 ironheart preservers
  An entropy weaver (Vaults:3)
  3 very ugly things
  A vampire knight (Vaults:3)
  A stone giant (Vaults:2)
  Nessos (Orc:2)
  2 ettins (Vaults:4)
  Snorg (Lair:6)
  A great orb of eyes (Vaults:3)
  5 fire dragons
  6 yaktaur captains
  Josephine (Lair:4)
  Harold (Lair:2)
  19 hydras
  20 vault guards
  10 naga warriors
  10 centaur warriors
  The ghost of Zajic the Bludgeoner, a journeyman MiBe of Trog (D:11)
  3 ghost crabs
  A death knight (D:14)
  2 shambling mangroves
  A dancing weapon (Volcano)
  19 anacondas
  43 two-headed ogres
  3 deep troll shamans
  9 ogre magi
  15 alligators
  An orc high priest (Orc:2)
  2 tengu warriors (D:13)
  15 naga sharpshooters
  13 shock serpents
  A shock serpent (shapeshifter) (Vaults:1)
  7 skeletal warriors
  A shadow wraith (Vaults:3)
  3 salamander mystics
  A glowing orange brain (Vaults:1)
  3 spriggan druids
  2 unseen horrors
  6 deep trolls
  17 naga ritualists
  A flayed ghost (Vaults:4)
  8 wizards
  9 swamp dragons
  11 orc knights
  Pikel (D:8)
  A harpy (shapeshifter) (Vaults:3)
  9 ironbrand convokers
  A lindwurm (Lair:6)
  11 harpies
  A deep elf archer (Vaults:1)
  6 orc sorcerers
  19 mana vipers
  A wolf spider (Vaults:1)
  4 salamanders
  37 ugly things
  6 cyclopes
  8 deep elf magi
  5 toenail golems (Volcano)
  A manticore (D:12)
  A moth of wrath (Swamp:1)
  4 elephants (Lair:5)
  13 guardian serpents
  60 black mambas
  3 molten gargoyles (Lair:6)
  A gargoyle (D:13)
  13 vault sentinels
  26 naga magi
  15 spiny frogs
  6 rime drakes
  10 komodo dragons
  6 freezing wraiths
  17 yaktaurs
  An ancient zyme (D:11)
  An ice devil (D:11)
  2 polar bears
  A jumping spider (shapeshifter) (Vaults:3)
  9 hornets
  11 trolls
  A wolf spider simulacrum (D:14)
  A meliai (shapeshifter) (Vaults:4)
  12 tyrant leeches
  23 slime creatures
  14 blink frogs
  15 hippogriffs
  6 bog bodies
  3 spriggans
  2 shadows
  4 redbacks (Vaults:3)
  7 wraiths
  23 yaks
  4 wyverns
  3 vampires (Vaults:3)
  3 basilisks (Lair:6)
  A human (D:7)
  4 steam dragons
  7 hogs
  4 hungry ghosts
  A basilisk (shapeshifter) (Vaults:3)
  17 insubstantial wisps
  11 swamp worms
  9 wargs
  Menkaure (D:7)
  13 vampire mosquitoes
  74 nagas
  A soldier ant (D:13)
  3 hell hounds (Lair:6)
  2 acid dragons
  12 water moccasins
  5 porcupines
  6 swamp drakes
  2 phantoms
  4 sky beasts
  41 orc warriors
  4 slaves (D:8)
  A necrophage (D:13)
  3 ice beasts
  3 black bears
  14 boggarts
  2 eyes of draining (D:14)
  6 wolves (Lair:2)
  15 centaurs
  2 small abominations (D:11)
  18 ogres
  6 crocodiles
  13 bullfrogs
  3 gnoll sergeants
  A water moccasin zombie (D:8)
  8 scorpions
  A water moccasin skeleton (D:7)
  An elf simulacrum (Vaults:2)
  9 wights
  4 howler monkeys
  An electric eel (Lair:4)
  4 bullfrog zombies
  5 lava snakes (Lair:6)
  4 centaur zombies
  6 crimson imps
  A quasit (D:8)
  A bullfrog skeleton (D:6)
  A jelly (D:12)
  33 orc wizards
  5 centaur skeletons
  26 orc priests
  9 hounds
  5 iguanas
  Natasha (thrice) (D:2)
  7 worker ants
  A killer bee zombie (D:6)
  A hound skeleton (D:5)
  A hound zombie (D:6)
  9 gnolls (D:8)
  17 adders
  4 shadow imps
  An ooze (D:4)
  An adder zombie (D:5)
  4 adder skeletons
  A worm (D:3)
  2 dart slugs
  6 leopard geckos
  103 orcs
  4 giant cockroaches
  5 hobgoblins (D:1)
  8 jackals
  7 quokkas
  5 bats
  5 frilled lizards
  3 goblins (D:1)
  9 kobolds
  2 leopard gecko skeletons
  A leopard gecko zombie (D:5)
  A quokka skeleton (D:9)
  9 rats
  3 fungi
1415 creatures vanquished.

Vanquished Creatures (others)
  A stone giant (Vaults:3)
  4 naga sharpshooters
  A cyclops (Vaults:1)
  3 naga magi
  2 yaktaurs
  2 insubstantial wisps (Swamp:4)
  2 boggarts
  A centaur (Vaults:2)
  An orc (Vaults:2)
  A fungus (Lair:6)
  A plant (Snake:2)
19 creatures vanquished.

Grand Total: 1434 creatures vanquished

Notes
Turn   | Place    | Note
-------+----------+-------------------------------------------
     0 | D:1      | Napalmbreeze the Minotaur Fighter began the quest for the
                  | Orb.
     0 | D:1      | Reached XP level 1. HP: 19/19 MP: 0/0
   447 | D:1      | Reached XP level 2. HP: 27/27 MP: 1/1
   481 | D:1      | Reached skill level 4 in Fighting
   914 | D:1      | Reached XP level 3. HP: 30/33 MP: 2/2
  1119 | D:2      | Noticed Natasha
  1125 | D:2      | Killed Natasha
  1125 | D:2      | Reached XP level 4. HP: 39/41 MP: 3/3
  1142 | D:2      | Noticed Natasha
  1146 | D:2      | Killed Natasha
  1443 | D:2      | Noticed Natasha
  1450 | D:2      | Killed Natasha
  1450 | D:2      | Reached skill level 5 in Fighting
  1697 | D:3      | Reached XP level 5. HP: 48/48 MP: 4/4
  2261 | D:4      | Reached XP level 6. HP: 52/57 MP: 5/5
  2273 | D:4      | Reached skill level 6 in Fighting
  2273 | D:4      | Reached skill level 5 in Armour
  2273 | D:4      | Reached skill level 5 in Shields
  2429 | D:4      | Found a burning altar of Makhleb.
  2585 | D:4      | Reached XP level 7. HP: 55/64 MP: 6/6
  2893 | D:5      | Entered Level 5 of the Dungeon
  2955 | D:5      | Reached skill level 7 in Fighting
  3193 | D:5      | Reached skill level 5 in Axes
  4184 | D:6      | Reached XP level 8. HP: 66/74 MP: 7/7
  4226 | D:6      | Reached skill level 8 in Fighting
  4602 | D:6      | Found an iron altar of Okawaru.
  4625 | D:6      | Became a worshipper of Warmaster Okawaru
  4814 | D:7      | Found a staircase to the Ecumenical Temple.
  4819 | D:7      | Reached skill level 9 in Fighting
  4958 | D:7      | Reached skill level 1 in Invocations
  5024 | D:7      | Reached * piety under Okawaru
  5024 | D:7      | Reached XP level 9. HP: 32/84 MP: 9/9
  5287 | D:7      | Noticed Menkaure
  5305 | D:7      | Killed Menkaure
  6145 | D:7      | Reached skill level 10 in Fighting
  6156 | D:7      | Reached ** piety under Okawaru
  6909 | D:8      | Reached XP level 10. HP: 61/93 MP: 7/12
  6920 | D:8      | Reached skill level 5 in Invocations
  7175 | D:8      | Noticed Pikel
  7188 | D:8      | Killed Pikel
  7188 | D:8      | Reached *** piety under Okawaru
  7625 | D:9      | You fall into a shaft and drop 3 floors!
  7735 | D:11     | Reached **** piety under Okawaru
  8286 | D:11     | Noticed a cyan ugly thing
  8302 | D:11     | Noticed a red ugly thing
  8306 | D:11     | Found a transporter.
  8358 | D:10     | Entered Level 10 of the Dungeon
  8363 | D:10     | Reached ***** piety under Okawaru
  8382 | D:10     | Noticed a two-headed ogre
  8390 | D:10     | Killed a two-headed ogre
  8390 | D:10     | Reached XP level 11. HP: 101/101 MP: 13/16
  8487 | D:10     | Got a steaming buckler
  8499 | D:10     | Identified the +1 buckler "Ziogoli" {*Corrode rF- Int+9
                  | Dex+9} (You found it on level 10 of the Dungeon)
  8716 | D:10     | Noticed a two-headed ogre
  8746 | D:10     | Killed a two-headed ogre
  8746 | D:10     | Reached skill level 11 in Fighting
  8746 | D:10     | Reached skill level 10 in Shields
  8904 | D:10     | Killed an unseen horror
  9269 | D:9      | Received a gift from Okawaru
  9603 | D:9      | Noticed a two-headed ogre
  9614 | D:9      | Killed a two-headed ogre
  9614 | D:9      | Reached skill level 10 in Axes
  9614 | D:9      | Reached skill level 10 in Armour
  9648 | D:9      | Found a stormy altar of Qazlal.
  9650 | D:9      | Found a sacrificial altar of Ru.
  9654 | D:9      | Found a hide-covered altar of Uskayaw.
  9654 | D:9      | Found a shimmering blue altar of Sif Muna.
  9654 | D:9      | Found a hazy altar of Hepliaklqana.
  9656 | D:9      | Found an ancient bone altar of Kikubaaqudgha.
  9657 | D:9      | Found a sparkling altar of Nemelex Xobeh.
  9658 | D:9      | Found a glowing silver altar of Zin.
  9659 | D:9      | Found a bloodstained altar of Trog.
 10458 | D:11     | Found a staircase to the Orcish Mines.
 10502 | D:11     | Found a staircase to the Lair.
 10606 | D:11     | Reached skill level 12 in Fighting
 10882 | D:11     | Found a one-way gate to the infinite horrors of the Abyss.
 10888 | D:11     | Identified the +7 trident "Nurai" {distort, rElec rF+ Str-5
                  | SInv}
 10892 | D:11     | Found a transporter.
 10921 | D:11     | Noticed Zajic's ghost (journeyman MiBe)
 11009 | D:11     | Found a portal to a secret trove of treasure.
 11033 | D:12     | Received a gift from Okawaru
 11375 | D:12     | Noticed a green ugly thing
 11398 | D:12     | Killed a green ugly thing
 11399 | D:12     | Gained mutation: Your muscles are strong. (Str +2) [potion
                  | of mutation]
 11399 | D:12     | Gained mutation: You are partially covered in thin metallic
                  | scales. (AC +2) [potion of mutation]
 11613 | Lair:1   | Entered Level 1 of the Lair of Beasts
 11619 | Lair:1   | Reached ****** piety under Okawaru
 11895 | Lair:1   | Reached XP level 12. HP: 94/112 MP: 14/17
 11942 | Lair:1   | Found a dark tunnel.
 11951 | Volcano  | Entered a volcano
 11987 | Volcano  | Paralysed by a wizard for 3 turns
 12030 | Volcano  | Received a gift from Okawaru
 12186 | Volcano  | Reached skill level 13 in Fighting
 12373 | Lair:1   | Found a bloodstained altar of Trog.
 13264 | Lair:2   | Found a staircase to the Swamp.
 13271 | Lair:2   | Noticed Harold
 13389 | Lair:2   | Killed Harold
 13596 | Lair:2   | Found a sacrificial altar of Ru.
 14974 | Lair:4   | Found a staircase to the Snake Pit.
 15095 | Lair:4   | Noticed a four-headed hydra
 15112 | Lair:4   | Killed a four-headed hydra
 15112 | Lair:4   | Reached XP level 13. HP: 110/123 MP: 16/18
 15165 | Lair:4   | Received a gift from Okawaru
 15271 | Lair:4   | Noticed Josephine
 15322 | Lair:4   | Killed Josephine
 15797 | Lair:5   | Reached skill level 14 in Fighting
 16032 | Lair:5   | Found a staircase to the Slime Pits.
 16036 | Lair:5   | Found a viscous altar of Jiyva.
 16586 | Lair:6   | Entered Level 6 of the Lair of Beasts
 16672 | Lair:6   | Noticed Snorg
 16702 | Lair:6   | Killed Snorg
 17633 | Lair:6   | Found a large runed translucent door.
 17634 | Lair:6   | Found a large runed translucent door.
 17634 | Lair:6   | Noticed a fire dragon
 17880 | Lair:6   | Received a gift from Okawaru
 18190 | Lair:6   | Killed a fire dragon
 18673 | Lair:1   | Identified a scroll of acquirement
 18675 | Lair:1   | Identified the +0 hat of the Peasants {-Cast MR+ Str+8}
                  | (You acquired it on level 1 of the Lair of Beasts)
 18813 | D:12     | Reached XP level 14. HP: 133/133 MP: 19/19
 19625 | D:13     | Found a gate to the Vaults.
 19626 | D:13     | Identified the cursed +3 battleaxe of Tichunu {pain, +Rage}
 19629 | D:13     | Reached skill level 15 in Fighting
 19649 | D:13     | Received a gift from Okawaru
 20003 | D:13     | Found an opulent altar of Gozag.
 20389 | D:14     | Found a sacrificial altar of Ru.
 20528 | D:14     | Received a gift from Okawaru
 20543 | D:14     | Got a brightly glowing hat {god gift}
 20570 | D:14     | Identified the +0 hat of Hedging {-Cast rN+ MR+} (Okawaru
                  | gifted it to you on level 14 of the Dungeon)
 20648 | D:14     | Reached skill level 15 in Armour
 21039 | D:14     | Reached skill level 16 in Fighting
 21529 | D:15     | Entered Level 15 of the Dungeon
 21540 | D:15     | Noticed Kirke
 21555 | D:15     | Killed Kirke
 21744 | D:15     | Noticed Agnes
 21757 | D:15     | Killed Agnes
 22184 | D:15     | Reached XP level 15. HP: 116/145 MP: 16/20
 22390 | D:15     | Found a staircase to the Depths.
 22689 | D:14     | Received a gift from Okawaru
 22792 | Orc:1    | Entered Level 1 of the Orcish Mines
 22881 | Orc:2    | Entered Level 2 of the Orcish Mines
 22881 | Orc:2    | Noticed Nessos
 22902 | Orc:2    | Killed Nessos
 23158 | Orc:1    | You fall into a shaft and drop 1 floor!
 23159 | Orc:2    | Found a staircase to the Elven Halls.
 23417 | Orc:2    | Noticed an orc warlord
 23440 | Orc:2    | Killed an orc warlord
 23722 | Orc:2    | Found a roughly hewn altar of Beogh.
 23736 | Orc:2    | Reached skill level 15 in Shields
 23746 | Orc:2    | Found Viulicw's General Store.
 23752 | Orc:2    | Found Ysacogh's Jewellery Boutique.
 23758 | Orc:2    | Found Xemet's Antique Weapon Boutique.
 23819 | Orc:2    | Bought an uncursed ring of protection from cold for 350
                  | gold pieces
 23827 | Orc:2    | Found Wyox's Antique Armour Boutique.
 24440 | D:11     | Killed Zajic's ghost
 24608 | Swamp:1  | Entered Level 1 of the Swamp
 24695 | Swamp:1  | Found a transporter.
 24705 | Swamp:1  | Reached skill level 17 in Fighting
 24738 | Swamp:1  | Noticed Lowtech's ghost (journeyman CeCK)
 24812 | Swamp:1  | Found a transporter.
 24837 | Swamp:1  | Received a gift from Okawaru
 24853 | Swamp:1  | Killed Lowtech's ghost
 24857 | Swamp:1  | Got a smoking pewter amulet
 24870 | Swamp:1  | Identified the amulet "Gunots" {Acrobat Str+6 Int+5 Dex-2}
                  | (You found it on level 1 of the Swamp)
 25024 | Swamp:1  | Reached skill level 15 in Axes
 25554 | Swamp:2  | Received a gift from Okawaru
 25712 | Swamp:2  | Noticed a tentacled monstrosity
 25723 | Swamp:2  | Killed a tentacled monstrosity
 25881 | Swamp:2  | Reached XP level 16. HP: 128/157 MP: 21/21
 26702 | Swamp:3  | Noticed Donald
 26722 | Swamp:3  | Killed Donald
 26788 | Swamp:3  | Reached skill level 18 in Fighting
 26917 | Swamp:3  | Noticed Jorgrun
 26933 | Swamp:3  | Killed Jorgrun
 26933 | Swamp:3  | Received a gift from Okawaru
 27614 | Swamp:4  | Entered Level 4 of the Swamp
 27677 | Swamp:4  | Noticed a thorn hunter
 28074 | Swamp:4  | Noticed a thorn hunter
 28078 | Swamp:4  | Killed a thorn hunter
 28078 | Swamp:4  | Received a gift from Okawaru
 28182 | Swamp:4  | Killed a thorn hunter
 28191 | Swamp:4  | Noticed a tentacled monstrosity
 28205 | Swamp:4  | Killed a tentacled monstrosity
 29000 | Swamp:4  | Got a decaying rune of Zot
 29465 | Snake:1  | Entered Level 1 of the Snake Pit
 29701 | Snake:1  | Reached skill level 19 in Fighting
 30096 | Snake:1  | Received a gift from Okawaru
 30131 | Snake:2  | Reached XP level 17. HP: 148/168 MP: 22/22
 30442 | Snake:2  | Noticed Aizul
 30451 | Snake:2  | Killed Aizul
 31013 | Snake:2  | You fall into a shaft and drop 1 floor!
 31035 | Snake:3  | Found Butwuo's Gadget Shoppe.
 31098 | Snake:3  | Reached skill level 20 in Fighting
 31208 | Snake:3  | Reached skill level 1 in Evocations
 31220 | Snake:3  | Received a gift from Okawaru
 32666 | Snake:3  | Found a transporter.
 32955 | Snake:3  | Found a shimmering blue altar of Sif Muna.
 32955 | Snake:3  | Identified the ring "Xenutye" {*Drain rF+ MR+ Str+5 Int+3}
 33368 | Snake:3  | Received a gift from Okawaru
 33388 | Snake:3  | Reached XP level 18. HP: 147/178 MP: 19/24
 33397 | Snake:3  | Reached skill level 5 in Evocations
 33478 | Snake:3  | Found a transporter.
 33509 | Snake:4  | Entered Level 4 of the Snake Pit
 34586 | Snake:4  | Reached skill level 21 in Fighting
 34843 | Snake:4  | Found a runed translucent gate.
 34843 | Snake:4  | Found a runed translucent gate.
 34843 | Snake:4  | Found a runed translucent gate.
 34866 | Snake:4  | Received a gift from Okawaru
 35534 | Snake:4  | Reached skill level 22 in Fighting
 36182 | Snake:4  | Received a gift from Okawaru
 36751 | Snake:4  | Reached skill level 10 in Invocations
 37299 | Snake:4  | Got a serpentine rune of Zot
 37720 | Vaults:1 | Entered Level 1 of the Vaults
 37749 | Vaults:1 | Reached XP level 19. HP: 187/193 MP: 25/25
 37832 | Vaults:1 | Reached skill level 10 in Evocations
 38405 | Vaults:1 | Received a gift from Okawaru
 38982 | Vaults:2 | Noticed Asterion
 38992 | Vaults:2 | Killed Asterion
 39255 | Vaults:2 | Received a gift from Okawaru
 39278 | Vaults:2 | Got a faintly glowing broad axe {god gift}
 39285 | Vaults:2 | Identified the +11 broad axe "Gotsedd" {vorpal, MR+ Str+4}
                  | (Okawaru gifted it to you on level 2 of the Vaults)
 39531 | Vaults:2 | Reached XP level 20. HP: 194/202 MP: 29/29
 39798 | Vaults:3 | Found a staircase to the Crypt.
 39996 | Vaults:3 | Reached skill level 15 in Evocations
 40025 | Vaults:3 | Found Uto Duyr's Jewellery Boutique.
 40104 | Vaults:3 | Reached skill level 23 in Fighting
 40272 | Vaults:3 | Found a shadowy altar of Dithmenos.
 40314 | Vaults:3 | Received a gift from Okawaru
 40982 | Vaults:4 | Found Juahuega's Assorted Antiques.
 40986 | Vaults:4 | Bought a potion of curing for 126 gold pieces
 40986 | Vaults:4 | Bought a potion of curing for 126 gold pieces
 41068 | Vaults:4 | Found Quhetudu's Weapon Shop.
 41077 | Vaults:4 | Found Xobel's Antique Weapon Shop.
 41104 | Vaults:4 | Received a gift from Okawaru
 41117 | Vaults:4 | Killed from afar by a lich

Levels and vault maps discovered:
D:1:      evilmike_arrival_plus, layout_basic
D:2:      layout_basic, uniq_natasha
D:3:      layout_basic
D:4:      layout_cave_pools, nicolae_overflow_hidden_temple, first_ration,
          makhleb_heckhound_becter
D:5:      layout_basic
D:6:      layout_basic, kennysheep_okawaru_gauntlet
D:7:      layout_basic, minmay_temple_entry_mist, grunt_livestock, uniq_menkaure
D:8:      layout_basic, uniq_pikel
D:9:      layout_cave_pods, minitemple, minivault_26
D:10:     layout_cave_pods
D:11:     layout_cave_pools, erik_lair_orcish_takeover, hiddenorc2_lemuel,
          enter_trove_3, gammafunk_ghost_abyssal_escape, lemuel_flame_loot_1
D:12:     layout_layer_cave
D:13:     layout_big_octagon, erik_vaults_2, basic_altar, minivault_16
D:14:     minmay_the_grid_plus_closed [minmay_the_grid_diamond_grid,
          minmay_the_grid_zigzag_pyramid, minmay_the_grid_mess,
          minmay_the_grid_plusring, minmay_the_grid_prize_trominoes],
          layout_basic, nicolae_ru_awakened_eye
D:15:     grunt_enter_depths_hoard, layout_basic, serial_bayou_pond_d,
          minmay_microvault, uniq_agnes, uniq_kirke
Lair:1:   layout_gridlike, basic_altar, enter_volcano_2
Lair:2:   layout_layer_cave, swamp_mist, basic_altar, infiniplex_staircase_pool,
          minmay_lair_oklob_chamber, uniq_harold
Lair:3:   layout_layer_cave
Lair:4:   layout_gridlike, guppyfry_snake_entry_island, lemuel_fruit_tree,
          uniq_josephine
Lair:5:   layout_regular_city, slime_altar_1, grunt_megastairs_1,
          serial_bayou_shore_b
Lair:6:   cheibrodos_lair_end_hotspot, layout_long_grid, uniq_snorg
Swamp:1:  layout_basic_swamp, gammafunk_ghost_berserking_beasts,
          evilmike_swamp_ruin_house_3
Swamp:2:  layout_basic_swamp, evilmike_swamp_ruin_rubble_1
Swamp:3:  layout_falls_marsh, hangedman_swamp_ruin_hall, uniq_jorgrun,
          uniq_donald
Swamp:4:  swamp_alternative, layout_basic_swamp, swamp_pool2
Snake:1:  layout_gridlike
Snake:2:  layout_onion, hangedman_snake_corridor_split, serial_bayou_shore_b,
          uniq_aizul
Snake:3:  gammafunk_sealed_library, layout_chambers, serial_shops, shop,
          grunt_ministairs_2, evilmike_ambush [evilmike_ambush_outer_doors,
          evilmike_ambush_inner_cross]
Snake:4:  johnstein_snake_rune_scales, layout_basic, st_stairs_14,
          nicolae_snake_horde_hoard, grunt_megastairs_5
Orc:1:    layout_caves, serial_shops
Orc:2:    grunt_orc_cross, layout_caves, uniq_nessos
Vaults:1: v_misc_3, nicolae_vaults_theta, dpeg_vaults_monster_row,
          v_alt_pattern_2, vaults_room_corners, v_misc_9, v_misc_30,
          vaults_room_ringed_pool, vaults_dpeg_encased_lava, vaults_room_pool,
          layout_vaults_ring
Vaults:2: hangedman_vaults_restitches, hangedman_vaults_slice,
          hangedman_vaults_river_flow, vaults_room_corners,
          ontoclasm_vaults_hangar, v_misc_17, v_misc_2,
          nicolae_vaults_what_the_h, vaults_dpeg_hooks,
          vaults_room_stairs_pillars, grunt_vaults_bifocal, v_misc_19,
          vaults_room_door_ring, layout_vaults_omnibox, uniq_asterion
Vaults:3: nicolae_vaults_circle_grid_a, v_alt_pattern_1,
          minmay_crypt_entry_vampire_xt, v_misc_32, v_pattern_5, v_misc_33,
          hangedman_vaults_capsules, nicolae_vaults_network_periphery,
          st_lattice, v_misc_14, ontoclasm_vaults_ring_small,
          layout_vaults_big_room, serial_shops, nicolae_shop_statue_plus,
          basic_altar
Vaults:4: nicolae_vaults_little_squares_1, hangedman_vaults_corner_blocks,
          v_alt_pattern_1, nicolae_vaults_network_quincunx
          [nicolae_vaults_network_quincunx_subvault,
          nicolae_vaults_network_quincunx_subvault,
          nicolae_vaults_network_quincunx_subvault,
          nicolae_vaults_network_quincunx_subvault,
          nicolae_vaults_network_quincunx_subvault], v_misc_29,
          vaults_room_large_hall, ontoclasm_vaults_hangar,
          nicolae_vaults_ring_of_whatevers, hangedman_vaults_slice,
          v_alt_pattern_6, ontoclasm_vaults_idyll, layout_vaults_maze,
          serial_shops, shop, shop, shop, shop,
          portal_desolation_entry_nicolae_slug

Skill      XL: |  1  2  3  4  5  6  7  8  9 10 11 12 13 14 15 16 17 18 19 20 |
---------------+-------------------------------------------------------------+-----
Fighting       | 4 5 6 7 9 10 12 13 14 16 17 19 20 22 23 | 23.0
Armour         | 4 5 6 7 8 9 10 12 13 15 16 18 | 18.0
Shields        | 4 5 6 7 8 9 10 11 12 14 15 16 17 | 17.8
Axes           | 3 4 5 6 8 9 10 12 13 14 15 17 18 19 | 19.4
Invocations    | 1 4 8 9 10 | 10.0
Evocations     | 4 9 14 15 | 15.0

Action                   |  1- 3 |  4- 6 |  7- 9 | 10-12 | 13-15 | 16-18 | 19-21 || total
-------------------------+-------+-------+-------+-------+-------+-------+-------++-------
Melee: War axe           |    74 |    38 |     1 |   227 |   319 |    41 |       ||   700
       Headbutt          |     9 |    13 |    76 |   177 |   304 |   335 |   270 ||  1184
       Hand axe          |       |    54 |   335 |   461 |       |       |       ||   850
       Whip              |       |       |       |    10 |    49 |       |       ||    59
       Broad axe         |       |       |       |       |   803 |  1145 |   808 ||  2756
Invok: Heroism           |       |       |       |     3 |     9 |     8 |       ||    20
       Finesse           |       |       |       |     1 |     5 |     3 |       ||     9
Evoke: Wand              |       |       |     1 |       |       |       |       ||     1
  Use: Scroll            |       |     4 |       |    14 |    11 |     9 |     3 ||    41
       Potion            |       |       |       |     2 |       |     5 |       ||     7
  Eat: Chunk             |     1 |     4 |    11 |    23 |    23 |     9 |     4 ||    75
       Ration            |       |       |     1 |     1 |     4 |    10 |     1 ||    17
Armor: Scale mail        |    37 |    29 |    47 |       |       |       |       ||   113
       Plate armour      |       |       |   122 |   346 |   422 |   384 |   190 ||  1464
Dodge: Dodged            |    21 |    31 |    64 |   127 |   151 |   165 |    69 ||   628
Block: Kite shield       |    44 |    43 |   177 |   337 |       |       |       ||   601
       Tower shield      |       |       |       |   122 |  1198 |  1365 |   776 ||  3461
       Reflection        |       |       |       |       |     4 |   165 |    84 ||   253

Table legend:
 A = Non-vault XP
 B = Vault XP
 C = Vault XP percentage of total XP
 D = Non-vault monster count
 E = Vault monster count
 F = Vault count percentage of total count
                 A         B        C        D         E       F
            +---------+---------+-------+---------+---------+-------
      Total |  328705 |  239659 |  42.2 |     972 |     452 |  31.7
            +---------+---------+-------+---------+---------+-------
        D:1 |      49 |       0 |   0.0 |      33 |       0 |   0.0
        D:2 |     105 |      35 |  25.0 |      14 |       1 |   6.7
        D:3 |     121 |       0 |   0.0 |      13 |       0 |   0.0
        D:4 |     473 |      40 |   7.8 |      20 |       1 |   4.8
        D:5 |     239 |       0 |   0.0 |      16 |       0 |   0.0
        D:6 |    1050 |       0 |   0.0 |      22 |       0 |   0.0
        D:7 |    1299 |    1131 |  46.5 |      28 |       6 |  17.6
        D:8 |    1947 |     629 |  24.4 |      44 |       1 |   2.2
        D:9 |    4555 |       0 |   0.0 |      40 |       0 |   0.0
       D:10 |    5048 |       0 |   0.0 |      23 |       0 |   0.0
       D:11 |    1638 |    3715 |  69.4 |      17 |      42 |  71.2
       D:12 |    5462 |     355 |   6.1 |      34 |       4 |  10.5
       D:13 |    7505 |    7783 |  50.9 |      29 |       8 |  21.6
       D:14 |    7742 |    6684 |  46.3 |      21 |      15 |  41.7
       D:15 |    1750 |    7540 |  81.2 |      13 |       8 |  38.1
     Lair:1 |    3333 |       0 |   0.0 |      12 |       0 |   0.0
     Lair:2 |    2573 |    1013 |  28.2 |      14 |       1 |   6.7
     Lair:3 |    2169 |       0 |   0.0 |       8 |       0 |   0.0
     Lair:4 |    2252 |    2225 |  49.7 |       7 |       7 |  50.0
     Lair:5 |    5986 |     776 |  11.5 |      18 |       3 |  14.3
     Lair:6 |    4460 |   10609 |  70.4 |      15 |      29 |  65.9
    Swamp:1 |    9952 |    6771 |  40.5 |      20 |      10 |  33.3
    Swamp:2 |   14365 |       0 |   0.0 |      34 |       0 |   0.0
    Swamp:3 |   12959 |    5412 |  29.5 |      36 |       3 |   7.7
    Swamp:4 |   13316 |   16681 |  55.6 |      30 |      22 |  42.3
    Snake:1 |   10365 |       0 |   0.0 |      18 |       0 |   0.0
    Snake:2 |   21557 |    6987 |  24.5 |      45 |      16 |  26.2
    Snake:3 |   20463 |   30991 |  60.2 |      37 |      39 |  51.3
    Snake:4 |   26013 |   53478 |  67.3 |      49 |      93 |  65.5
      Orc:1 |    2534 |       0 |   0.0 |      27 |       0 |   0.0
      Orc:2 |    2188 |    9039 |  80.5 |      16 |      34 |  68.0
   Vaults:1 |   38947 |   12189 |  23.8 |      70 |      17 |  19.5
   Vaults:2 |   33338 |   20176 |  37.7 |      65 |      36 |  35.6
   Vaults:3 |   37149 |   26657 |  41.8 |      58 |      41 |  41.4
   Vaults:4 |   25803 |    1953 |   7.0 |      26 |       4 |  13.3
    Volcano |       0 |    6790 | 100.0 |       0 |      11 | 100.0
            +---------+---------+-------+---------+---------+-------
